 Dungeon Crawl Stone Soup version 0.31-a0-1227-g0136665373 (webtiles) character file.

Game seed: 4486189950907819622

711 avis the Trooper (level 7, -4/67 HPs)
             Began as a Hill Orc Monk on Dec 14, 2023.
             Was a Priest of Beogh.
             Slain by a black bear (10 damage)
             ... on level 5 of the Dungeon.
             The game lasted 00:27:49 (5284 turns).

avis the Trooper (Hill Orc Monk)                    Turns: 5284, Time: 00:27:50

Health: -4/67      AC:  5    Str: 13 (16) XL:     7   Next: 68%
Magic:  7/7        EV: 11    Int: 16      God:    Beogh [***...]
Gold:   252        SH:  0    Dex: 13      Spells: 6/6 levels left

rFire   . .          .
                       - Unarmed
rCold   . . .        c - orb {light}
rNeg    . . .        w - +0 ring mail
rPois   .            (helmet currently unavailable)
rElec   .            M - melded +0 cloak
rCorr   +            (gloves currently unavailable)
SInv    .            t - melded +0 pair of boots
Will    .....        (no amulet)
Stlth   +            q - +6 ring of intelligence
HPRegen 0.31/turn    v - ring of resist corrosion
MPRegen 0.10/turn

%: no passive effects
@: beast-form, glowing
A: beast (slay +2)
a: Begin Untransformation, Renounce Religion, Smiting


You were on level 5 of the Dungeon.
You worshipped Beogh.
Beogh was most pleased with you.
You were a hulking beast.
You visited 2 branches of the dungeon, and saw 6 of its levels.

You collected 252 gold pieces.

Inventory:

Hand Weapons
 b - a +0 sling
 d - a +0 whip of distortion
 e - a +0 spear
 h - a +0 spear
Missiles
 k - 3 poisoned darts
 C - 17 stones
 J - a throwing net
Armour
 c - an orb of light (worn)
 t - a +0 pair of boots (melded)
 w - a +0 ring mail (worn)
 M - a +0 cloak (melded)
Jewellery
 q - a +6 ring of intelligence (left hand)
 v - a ring of resist corrosion (right hand)
Talismans
 a - a beast talisman (active)
 m - a maw talisman
Wands
 p - a wand of paralysis (8)
 x - a wand of iceblast (8)
 I - a wand of mindburst (18)
Scrolls
 f - 2 scrolls of poison {unknown}
 g - a scroll of fog {unknown}
 j - 3 scrolls of fear {unknown}
 o - a scroll of amnesia {unknown}
 r - 3 scrolls of identify {unknown}
 y - a scroll of teleportation {unknown}
 G - a scroll of immolation {unknown}
 K - a scroll of brand weapon {unknown}
Potions
 i - 3 potions of enlightenment
 A - a potion of brilliance {unknown}
 B - 3 potions of resistance
 D - a potion of attraction {unknown}
 E - a potion of might {unknown}


   Skills:
 + Level 7.9 Fighting
 - Level 2.4 Dodging
 - Level 3.2 Unarmed Combat
 * Level 4.6 Shapeshifting


You had 6 spell levels left.
You didn't know any spells.
Your spell library contained the following spells:

 Spells                   Type           Power      Damage    Failure   Level
 Apportation              Tloc           0%         N/A       50%         1
 Magic Dart               Conj           0%         1d3       50%         1
 Necrotise                Necr           0%         1d4       50%         1
 Slow                     Hex            0%         N/A       50%         1
 Summon Small Mammal      Summ           0%         N/A       50%         1
 Ensorcelled Hibernation  Hex/Ice        0%         N/A       63%         2
 Jinxbite                 Hex            0%         N/A       63%         2
 Searing Ray              Conj           0%         2d4       63%         2
 Sublimation of Blood     Necr           0%         N/A       63%         2
 Confusing Touch          Hex            0%         N/A       86%         3
 Sigil of Binding         Hex            0%         N/A       86%         3
 Vampiric Draining        Necr           0%         2d6       86%         3
 Anguish                  Hex/Necr       0%         N/A       99%         4
 Fulminant Prism          Conj/Hex       0%         3d5       99%         4
 Petrify                  Tmut/Erth      0%         N/A       99%         4
 Irradiate                Conj/Tmut      0%         3d11      100%        5


Dungeon Overview and Level Annotations

Branches:
Dungeon (5/15)             Temple (1/1) D:5

Altars:
Ashenzari
Cheibriados
Dithmenos
Elyvilon
Fedhas
Hepliaklqana
Kikubaaqudgha
Makhleb
Nemelex Xobeh
Okawaru
Qazlal
Ru
Trog
Uskayaw
Wu Jian
Xom
Yredelemnul
Zin
The Shining One

Annotations:
D:4 2 transporters, ShellytheWitch's ghost, novice KoBr


Message History

You hit the black bear.
The black bear is severely wounded.
The black bear closely misses you. The black bear claws you.
The black bear barely misses you.
You hit the black bear but do no damage.
The black bear is severely wounded.
The black bear bites you. The black bear barely misses you.
The black bear claws you.
You hit the black bear.
The black bear is almost dead.
The black bear goes berserk!
You hit the black bear.
The black bear is almost dead.
The black bear bites you.
The black bear claws you but does no damage. x2
The black bear bites you. The black bear claws you.
The black bear claws you but does no damage.
You hit the black bear.
The black bear is almost dead.
The black bear bites you. The black bear claws you. x2
You barely miss the black bear.
The black bear is almost dead.
The black bear bites you but does no damage.
The black bear claws you.
The black bear claws you but does no damage.
You barely miss the black bear.
The black bear is almost dead.
The black bear bites you!
* * * LOW HITPOINT WARNING * * *
The black bear claws you.
* * * LOW HITPOINT WARNING * * *
The black bear claws you.
* * * LOW HITPOINT WARNING * * *
The black bear bites you.
* * * LOW HITPOINT WARNING * * *
The black bear claws you but does no damage. x2
You hit the black bear but do no damage.
The black bear is almost dead.
The black bear bites you!
You die...

#. #.#
#.# #.
#.# ..
#.# #.
#.# ##.
#.# #.#
#.. #.#
#.. #..
####.#
###
#..###
#....#
/...
#.####
#h#######
#.#
#h......#
#.#
#######.#
#.#
#.#####.#
#.......#
#########


You could see a black bear (berserk).

Vanquished Creatures
  A black bear (D:5)
  A kobold brigand (D:5)
  A howler monkey (D:5)
  2 orc priests
  Crazy Yiuf (D:4)
  An iguana (D:4)
  Natasha (twice) (D:2)
  3 orc wizards
  10 adders
  7 gnolls
  2 ufetubi (D:5)
  A worm (D:2)
  3 dart slugs
  10 orcs
  9 endoplasms
  A giant cockroach (D:1)
  8 goblins
  11 hobgoblins
  3 quokkas
  A ball python (D:4)
  3 bats
  2 frilled lizards
  13 kobolds
  A rat (D:2)
97 creatures vanquished.

Vanquished Creatures (collateral kills)
  An orc wizard (D:4)
1 creature vanquished.

Vanquished Creatures (others)
  An orc wizard (D:4)
  2 orcs
3 creatures vanquished.

Grand Total: 101 creatures vanquished

Notes
Turn   | Place    | Note
-------+----------+-------------------------------------------
     0 | D:1      | avis the Hill Orc Monk began the quest for the Orb.
     0 | D:1      | Reached XP level 1. HP: 19/19 MP: 1/1
   137 | D:1      | Reached skill level 4 in Fighting
   231 | D:1      | Reached XP level 2. HP: 13/27 MP: 2/2
   643 | D:2      | Reached skill level 5 in Fighting
   643 | D:2      | Reached XP level 3. HP: 19/36 MP: 3/3
   884 | D:2      | Reached skill level 6 in Fighting
   884 | D:2      | Reached XP level 4. HP: 42/44 MP: 4/4
   891 | D:1      | Became a worshipper of Beogh the Brigand
   891 | D:1      | Reached * piety under Beogh
   891 | D:1      | Reached ** piety under Beogh
  1375 | D:2      | Reached skill level 1 in Shapeshifting
  1482 | D:2      | Reached XP level 5. HP: 43/51 MP: 5/5
  1516 | D:2      | Noticed Natasha
  1526 | D:2      | Killed Natasha
  1602 | D:2      | Noticed Natasha
  1618 | D:2      | Killed Natasha
  2066 | D:3      | Found a faded altar of an unknown god.
  2385 | D:3      | Reached XP level 6. HP: 35/58 MP: 6/6
  2797 | D:4      | Found a stormy altar of Qazlal.
  2846 | D:4      | Reached *** piety under Beogh
  2988 | D:4      | Reached skill level 7 in Fighting
  3276 | D:4      | Found a burning altar of Makhleb.
  3276 | D:4      | Found a bloodstained altar of Trog.
  3594 | D:4      | Noticed ShellytheWitch's ghost (novice KoBr)
  3596 | D:4      | Found a transporter.
  3600 | D:4      | Found a transporter.
  4032 | D:4      | Found a runed translucent door.
  4233 | D:4      | Noticed Crazy Yiuf
  4246 | D:4      | Killed Crazy Yiuf
  4378 | D:5      | Entered Level 5 of the Dungeon
  4381 | D:5      | Found a staircase to the Ecumenical Temple.
  4385 | D:5      | Noticed a black bear
  4393 | D:5      | Killed a black bear
  4394 | D:5      | Reached XP level 7. HP: 62/66 MP: 7/7
  4400 | Temple   | Entered the Ecumenical Temple
  5284 | D:5      | Slain by a black bear

Illustrated notes

Levels and vault maps discovered:
D:1:      lemuel_arrival_room, layout_rooms, minmay_misc_feat_secret_circle,
          dreamdust_princess_bridge
D:2:      layout_loops_ring, minmay_pentomino_q4, uniq_natasha
D:3:      layout_rooms, shapermc_ecumenical_altar_ellora
D:4:      layout_loops_corners, chequers_temple_overflow_statue_of_worship,
          mainiacjoe_overflow_catwalk, nicolae_ossuary_entry_false_entrances,
          gammafunk_ghost_smash, uniq_crazy_yiuf_cottage
D:5:      layout_basic, minmay_temple_entry_wispy, ebering_ghost_inner_flame,
          minmay_holes, minivault_14
Temple:   nicolae_temple_superstar

Skill      XL: |  1  2  3  4  5  6  7 |
---------------+----------------------+-----
Fighting       | 4 5 6 7 |  7.9
Shapeshifting  | 1 2 3 4 |  4.6
Dodging        | |  2.4
Unarmed Combat | |  3.2

Action                     |  1- 3 |  4- 6 |  7- 9 || total
---------------------------+-------+-------+-------++-------
  Melee: Unarmed           |    94 |   159 |    72 ||   325
   Fire: Sling             |       |    88 |    24 ||   112
 Invoke: Convert to Beogh  |       |     1 |       ||     1
         Smiting           |       |     1 |       ||     1
    Use: Potion            |     1 |     5 |       ||     6
 Armour: Leather armour    |    57 |    10 |       ||    67
         Scale mail        |       |    24 |       ||    24
         Ring mail         |       |    81 |    88 ||   169
  Dodge: Dodged            |    63 |    86 |    50 ||   199
   Form: Beast             |       |     3 |       ||     3
                           |       |     2 |       ||     2

Table legend: (Time is in decaauts)
 A = Elapsed time spent in this place.
 B = Non-inter-level travel time spent in this place.
 C = Inter-level travel time spent in this place.
 D = Time resting spent in this place.
 E = Time spent auto-exploring this place.
 F = Levels seen in this place.
 G = Mean time per level.
                   A        B        C        D        E       F      G
               +--------+--------+--------+--------+--------+-----+--------+
         Total |   5296 |   4993 |    303 |   1567 |   2107 |   6 |  882.7 |
       Dungeon |   5281 |   4978 |    303 |   1567 |   2107 |   5 | 1056.2 |
        Temple |     15 |     15 |      0 |      0 |      0 |   1 |   15.0 |
               +--------+--------+--------+--------+--------+-----+--------+

Top non-repeatable levels by time:
     D:4: 1587 daAuts
     D:2: 1074 daAuts
     D:5: 891 daAuts
     D:1: 869 daAuts
     D:3: 858 daAuts
  Temple: 15 daAuts
